 Dungeon Crawl Stone Soup version 0.30-a0-377-g5cb311bc9f (webtiles) character file.

Game seed: 4558786187124643203

10735 Bnni the Spear-Bearer (level 11, -9/141 HPs)
             Began as a Formicid Fighter on Nov 27, 2022.
             Was an Initiate of Yredelemnul.
             Mangled by a sixfirhy (12 damage)
             ... on level 1 of the Abyss.
             The game lasted 00:18:39 (8734 turns).

Bnni the Spear-Bearer (Formicid Fighter)            Turns: 8734, Time: 00:18:41

Health: -9/141     AC: 25    Str: 21 (24) XL:     11   Next: 98%
Magic:  14/14      EV:  2    Int:  8 (9)  God:    Yredelemnul [......]
Gold:   550        SH:  0    Dex: 10 (13) Spells: 7/10 levels left

rFire   + . .      SeeInvis .    I - +4 halberd
rCold   + . .      Faith    .    n - +0 buckler
rNeg    . . .      Spirit   .    (body armour currently unavailable)
rPois   +          Reflect  .    (helmet unavailable)
rElec   .          Harm     .    (cloak currently unavailable)
rCorr   .          Rampage  .    (gloves currently unavailable)
Will    +....                    (boots currently unavailable)
Stlth   +.........               (no amulet)
HPRegen 0.43/turn                r - ring of protection from cold
MPRegen 0.14/turn                G - ring of protection from fire

@: confused, mighty, tree-form, ambrosia-drunk
A: stationary, stasis, torment immunity, boosted hp, permanent stasis, dig
shafts and tunnels, (antennae 3), four strong arms, inability to drink after
injury 1
a: Renounce Religion, Recall Undead Harvest


You were on level 1 of the Abyss.
You worshipped Yredelemnul.
Yredelemnul was noncommittal.
You were a tree.
You visited 2 branches of the dungeon, and saw 11 of its levels.
You visited the Abyss 1 time.

You collected 550 gold pieces.

Inventory:

Hand Weapons
 a - a +0 trident
 o - a +2 dagger of venom
 I - a +4 halberd (weapon)
Missiles
 x - 17 poisoned darts
 L - 2 boomerangs
 N - a throwing net
Armour
 k - a +0 pair of gloves (melded)
 n - a +0 buckler (worn)
 q - a +0 chain mail of cold resistance
 u - a +0 plate armour (melded)
 E - a +1 pair of boots (melded)
 J - a +2 cloak (melded)
Jewellery
 r - a ring of protection from cold (left branch)
 G - a ring of protection from fire (right branch)
Wands
 f - a wand of roots (8)
 y - a wand of paralysis (14)
 C - a wand of flame (24)
Scrolls
 b - 2 scrolls of immolation {unknown}
 d - 2 scrolls of vulnerability {unknown}
 g - 2 scrolls of silence {unknown}
 j - a scroll of enchant weapon {unknown}
 l - 2 scrolls of acquirement {unknown}
 A - a scroll of noise {unknown}
 D - 4 scrolls of enchant armour {unknown}
 H - 4 scrolls of fear {unknown}
 K - 2 scrolls of blinking {unknown}
 M - a scroll of fog {unknown}
 O - a scroll of poison {unknown}
Potions
 e - 4 potions of ambrosia
 h - a potion of mutation
 i - 3 potions of degeneration
 m - 4 potions of curing
 p - a potion of flight
 t - 3 potions of attraction
 v - 3 potions of magic
 w - 3 potions of lignification
 B - 2 potions of resistance
 F - 2 potions of brilliance


   Skills:
 + Level 11.6 Fighting
 * Level 14.4 Polearms
 - Level 3.2 Armour
 - Level 5.0 Shields
 + Level 4.0 Invocations


You had 7 spell levels left.
You knew the following spells:

 Your Spells              Type           Power      Damage    Failure   Level
d - Vhi's Electric Charg  Tloc/Air       0%         N/A       83%         3

Your spell library contained the following spells:

 Spells                   Type           Power      Damage    Failure   Level
 Static Discharge         Conj/Air       0%         2-2/arc   61%         2
 Frozen Ramparts          Ice            0%         1d1       83%         3
 Inner Flame              Hex/Fire       0%         N/A       83%         3
 Stone Arrow              Conj/Erth      0%         3d7       83%         3
 Animate Armour           Summ/Erth      0%         N/A       99%         4
 Flame Wave               Conj/Fire      0%         2d4       99%         4
 Ice Form                 Ice/Tmut       0%         N/A       99%         4
 Sticky Flame             Conj/Fire      0%         2d3       99%         4
 Summon Ice Beast         Ice/Summ       0%         N/A       99%         4
 Arcjolt                  Conj/Air       0%         1d10      100%        5
 Lightning Bolt           Conj/Air       0%         1d11      100%        5
 Yara's Violent Unravell  Hex/Tmut       0%         3d3       100%        5
 Enfeeble                 Hex            0%         N/A       100%        7
 Borgnjor's Revivificati  Necr           0%         N/A       100%        8
 Lehudib's Crystal Spear  Conj/Erth      0%         10d2      100%        8
 Necromutation            Tmut/Necr      0%         N/A       100%        8
 Death's Door             Necr           0%         N/A       100%        9


Dungeon Overview and Level Annotations

Branches:
Dungeon (10/15)            Temple (1/1) D:6
   Lair: D:8-11         Orc: D:9-12

Altars:
Ashenzari
Cheibriados
Elyvilon
Fedhas
Gozag
Hepliaklqana
Kikubaaqudgha
Makhleb
Nemelex Xobeh
Okawaru
Qazlal
Ru
Sif Muna
Trog
Uskayaw
Vehumet
Wu Jian
Xom
Yredelemnul
Zin
The Shining One

Annotations:
D:10 Sonja


Innate Abilities, Weirdness & Mutations

You are a tree.
Your roots penetrate the ground, keeping you stationary.
You cannot be teleported.
You are immune to unholy pain and torment.
Your maximum health is greatly increased.
Your equipment is partially melded.
You cannot be hasted, slowed, berserked, paralysed or teleported.
You can dig through walls and to a lower floor.
((You have a pair of large antennae on your head. (SInv)))
Your four strong arms can wield two-handed weapons with a shield.
You occasionally lose the ability to drink potions when taking damage.


Message History

You puncture the sixfirhy!
The sixfirhy is heavily wounded.
The sixfirhy hits you but does no damage.
The sixfirhy barely misses you.
The sixfirhy hits you but does no damage.
The orange demon stings you but does no damage.
Unknown command.
You closely miss the sixfirhy.
The sixfirhy is heavily wounded.
You block the sixfirhy's attack.
The sixfirhy hits you but does no damage. x2
You block the orange demon's attack. You block the sixfirhy's attack.
Unknown command.
You puncture the sixfirhy!
The sixfirhy is severely wounded.
The sixfirhy hits you.
* * * LOW HITPOINT WARNING * * *
The sixfirhy shocks you!
* * * LOW HITPOINT WARNING * * *
You block the orange demon's attack.
It was a potion of lignification.
You turn into a tree.
Your +2 cloak melds into your body.
Your +0 pair of gloves melds into your body.
Your +1 pair of boots melds into your body.
Your +0 plate armour melds into your body.
Your roots penetrate the ground.
You block the orange demon's attack.
It was a potion of degeneration.
There was something very wrong with that liquid.
You feel weakened.
You feel dopey.
You feel clumsy.
The orange demon stings you but does no damage.
The sixfirhy hits you but does no damage.
It was a potion of ambrosia.
You are confused.
You feel invigorated.
The sixfirhy hits you but does no damage.
The sixfirhy hits you.
* * * LOW HITPOINT WARNING * * *
The sixfirhy shocks you!
You die...
Your body rises from the dead as a mindless zombie.

.#. .#... #.. .
.. #. ...###
.#.#.. . ....
.§#... >. #4
{#..###... ..
#...#...§... # #
#......###.#.#.#
###.
#§###.4##.##.#
#.. #.#u3#...# #
..#... #♣#§.## .
.....#.##...#
.#.###.. ..## .
#.. .## §## .#
.. .. ## .. .#


You could see a brown very ugly thing, an orange demon and a sixfirhy.

Vanquished Creatures
  A two-headed ogre (D:7)
  A sun demon (D:9)
  A rust devil (D:9)
  An orange demon (D:9)
  A large abomination (Abyss:1)
  Maurice (D:8)
  3 ice devils (D:9)
  A red devil (D:9)
  Grinder (D:6)
  A hornet (D:7)
  Sigmund (D:2)
  2 wyverns
  9 yaks
  A neqoxec (D:9)
  A water moccasin (D:6)
  A small abomination (Abyss:1)
  2 orc warriors
  A black bear (D:4)
  A sky beast (D:6)
  3 ogres
  2 centaurs
  A kobold brigand (D:8)
  4 bullfrogs
  2 gnoll sergeants (D:9)
  12 wights
  2 howler monkeys
  2 jellies
  2 quasits
  2 hounds
  4 orc priests
  Ijyb (D:5)
  Jessica (D:2)
  Natasha (twice) (D:4)
  2 iguanas (D:5)
  2 orc wizards
  Robin (D:2)
  5 adders
  8 gnolls (D:9)
  A shadow imp (D:6)
  3 worms
  5 dart slugs
  27 orcs
  5 ball pythons
  10 endoplasms
  5 giant cockroaches
  11 goblins
  14 hobgoblins
  10 kobolds
  3 quokkas
  3 bats
  5 frilled lizards
  5 rats (D:1)
196 creatures vanquished.

Vanquished Creatures (collateral kills)
  A sun demon (D:9)
  A rust devil (D:9)
  A smoke demon (D:9)
  An unseen horror (D:10)
  5 yaks
  A bullfrog (D:9)
  A gnoll (D:9)
  3 orcs
  4 kobolds (D:8)
18 creatures vanquished.

Vanquished Creatures (others)
  A wizard (D:3)
  A spectral rust devil (D:9)
  A spectral ice devil (D:9)
  5 yak zombies
  2 bullfrog zombies (D:9)
  A spectral quasit (D:9)
  A gnoll zombie (D:9)
  A kobold zombie (D:8)
  4 orc zombies
  4 demonic plants (D:9)
21 creatures vanquished.

Grand Total: 235 creatures vanquished

Notes
Turn   | Place    | Note
-------+----------+-------------------------------------------
     0 | D:1      | Bnni the Formicid Fighter began the quest for the Orb.
     0 | D:1      | Reached XP level 1. HP: 18/18 MP: 1/1
    89 | D:1      | Reached XP level 2. HP: 24/24 MP: 2/2
   464 | D:1      | Reached XP level 3. HP: 29/29 MP: 3/3
   680 | D:2      | Noticed Sigmund
   687 | D:2      | Killed Sigmund
   688 | D:2      | Reached skill level 4 in Polearms
   688 | D:2      | Reached skill level 5 in Shields
   688 | D:2      | Reached XP level 4. HP: 24/38 MP: 4/4
   688 | D:2      | Reached XP level 5. HP: 27/43 MP: 5/5
   688 | D:2      | Reached XP level 6. HP: 31/49 MP: 6/6
   848 | D:2      | Noticed Jessica
   849 | D:2      | Noticed Robin
   863 | D:2      | Killed Jessica
   876 | D:2      | Killed Robin
  1196 | D:2      | Found a white marble altar of Elyvilon.
  1276 | D:2      | Reached skill level 5 in Polearms
  1989 | D:3      | Found a bloodstained altar of Trog.
  1992 | D:3      | Noticed a wizard
  1998 | D:3      | Killed a wizard
  2117 | D:3      | Found a hide-covered altar of Uskayaw.
  2370 | D:4      | You fall into a shaft and drop 3 floors!
  2375 | D:7      | Noticed a hornet
  2387 | D:7      | Killed a hornet
  2388 | D:7      | Reached skill level 5 in Fighting
  2388 | D:7      | Reached skill level 6 in Polearms
  2388 | D:7      | Reached XP level 7. HP: 27/56 MP: 7/7
  2694 | D:6      | Reached XP level 8. HP: 47/64 MP: 8/8
  2849 | D:6      | Reached skill level 7 in Polearms
  2860 | D:5      | Entered Level 5 of the Dungeon
  2885 | D:5      | Noticed Ijyb
  2906 | D:5      | Killed Ijyb
  3264 | D:4      | Found a hazy altar of Hepliaklqana.
  3265 | D:4      | Found a shimmering altar of Xom.
  3266 | D:4      | Noticed a spectral ugly thing
  3413 | D:4      | Noticed Natasha
  3418 | D:4      | Killed Natasha
  3499 | D:4      | Noticed Natasha
  3506 | D:4      | Killed Natasha
  3507 | D:4      | Reached skill level 8 in Polearms
  3850 | D:5      | Reached XP level 9. HP: 55/72 MP: 9/9
  4498 | D:6      | Noticed Grinder
  4514 | D:6      | Killed Grinder
  4515 | D:6      | Reached skill level 9 in Polearms
  4605 | D:6      | Learned a level 3 spell: Vhi's Electric Charge
  4741 | D:6      | Found an ornate altar of the Wu Jian Council.
  4833 | D:6      | Found a staircase to the Ecumenical Temple.
  4876 | Temple   | Entered the Ecumenical Temple
  4883 | Temple   | Became a worshipper of Yredelemnul the Dark
  4960 | D:6      | Reached * piety under Yredelemnul
  4961 | D:6      | Reached skill level 10 in Polearms
  4976 | D:6      | Reached XP level 10. HP: 82/82 MP: 10/10
  5214 | D:7      | Noticed a two-headed ogre
  5225 | D:7      | Killed a two-headed ogre
  5226 | D:7      | Reached skill level 11 in Polearms
  5471 | D:7      | Reached ** piety under Yredelemnul
  5883 | D:8      | Noticed Maurice
  5893 | D:8      | Killed Maurice
  5894 | D:8      | Reached skill level 12 in Polearms
  6647 | D:8      | Reached *** piety under Yredelemnul
  6830 | D:9      | Noticed a smoke demon
  6830 | D:9      | Noticed a rust devil
  6831 | D:9      | Noticed an ice devil
  6979 | D:9      | Noticed a rust devil
  7004 | D:9      | Killed a rust devil
  7005 | D:9      | Reached skill level 10 in Fighting
  7194 | D:9      | Killed a smoke demon
  7195 | D:9      | Reached XP level 11. HP: 92/92 MP: 11/11
  7236 | D:9      | Reached skill level 13 in Polearms
  7393 | D:9      | Noticed a sun demon
  7398 | D:9      | Gained mutation: You occasionally lose the ability to drink
                  | potions when taking damage. [a neqoxec]
  7401 | D:9      | Killed a sun demon
  7587 | D:9      | Noticed a sun demon
  7607 | D:9      | Killed a sun demon
  7608 | D:9      | Reached skill level 1 in Invocations
  8051 | D:9      | Reached **** piety under Yredelemnul
  8224 | D:9      | Reached ***** piety under Yredelemnul
  8232 | D:9      | Reached skill level 14 in Polearms
  8284 | D:9      | Reached ****** piety under Yredelemnul
  8326 | D:9      | Found a snail-covered altar of Cheibriados.
  8537 | D:10     | Entered Level 10 of the Dungeon
  8645 | D:10     | Noticed Sonja
  8650 | Abyss:1  | Cast into level 1 of the Abyss (Sonja)
  8700 | Abyss:1  | Noticed a brown very ugly thing
  8700 | Abyss:1  | Noticed a glowing orange brain
  8724 | Abyss:1  | Noticed a sixfirhy
  8731 | Abyss:1  | HP: 1/94 [sixfirhy (12)]
  8734 | Abyss:1  | Mangled by a sixfirhy

Illustrated notes

Levels and vault maps discovered:
D:1:      grunt_arrival_crossed_arrows, layout_basic
D:2:      layout_basic, basic_altar, uniq_jessica, uniq_robin, uniq_sigmund
D:3:      layout_rooms, lemuel_crystal_altar, trog_wizard
D:4:      kennysheep_big_flooded_room, layout_rooms,
          regret_index_temple_of_mockery, uniq_natasha
D:5:      layout_basic, minmay_liquid_box, dreamdust_wishing_well, minivault_14,
          uniq_ijyb
D:6:      layout_gridville, lemuel_doored_altar, temple_green, uniq_grinder
D:7:      layout_rooms
D:8:      layout_basic, uniq_maurice
D:9:      layout_basic, amcnicky_altar_gilded, serial_demonic, serial_demonic_a,
          serial_demonic_f, serial_demonic_f, serial_demonic_d,
          serial_demonic_d, serial_demonic_g
D:10:     layout_basic, lemuel_tele_altar, lair_entry_dummy, uniq_snorg,
          uniq_nergalle, uniq_sonja, uniq_lodul
Temple:   nicolae_temple_no_exploring_needed
Abyss:1:  base:
D:4

Skill      XL: |  1  2  3  4  5  6  7  8  9 10 11 |
---------------+----------------------------------+-----
Fighting       | 4 5 7 8 10 11 | 11.6
Polearms       | 4 6 8 10 12 14 | 14.4
Shields        | 5 |  5.0
Invocations    | 4 |  4.0
Armour         | |  3.2

Action                   |  1- 3 |  4- 6 |  7- 9 | 10-12 || total
-------------------------+-------+-------+-------+-------++-------
Melee: Trident           |    83 |       |       |       ||    83
       Halberd           |       |   131 |   263 |   258 ||   652
       Dagger            |       |     9 |    22 |       ||    31
Invok: Recall Undead Har |       |       |       |     3 ||     3
       Bind Soul         |       |       |       |     1 ||     1
 Abil: Dig               |       |     1 |     2 |     1 ||     4
  Use: Potion            |     1 |       |     1 |     4 ||     6
       Scroll            |       |       |       |     8 ||     8
 Stab: Distracted        |       |       |       |     3 ||     3
Armor: Scale mail        |    30 |    36 |       |       ||    66
       Chain mail        |       |    27 |    10 |       ||    37
       Plate armour      |       |       |   113 |   108 ||   221
       Skin              |       |       |       |     3 ||     3
Dodge: Dodged            |    23 |    43 |    62 |    54 ||   182
       Repelled          |       |       |     1 |       ||     1
Block: Buckler           |    17 |    37 |    64 |    45 ||   163

Table legend: (Time is in decaauts)
 A = Elapsed time spent in this place.
 B = Non-inter-level travel time spent in this place.
 C = Inter-level travel time spent in this place.
 D = Time resting spent in this place.
 E = Time spent auto-exploring this place.
 F = Levels seen in this place.
 G = Mean time per level.
                   A        B        C        D        E       F      G
               +--------+--------+--------+--------+--------+-----+--------+
         Total |   8788 |   8499 |    289 |   1254 |   5442 |  12 |  732.3 |
       Dungeon |   8692 |   8409 |    283 |   1254 |   5442 |  10 |  869.2 |
        Temple |     14 |      8 |      6 |      0 |      0 |   1 |   14.0 |
         Abyss |     81 |     81 |      0 |      0 |      0 |   1 |   81.0 |
               +--------+--------+--------+--------+--------+-----+--------+

Top non-repeatable levels by time:
     D:9: 1604 daAuts
     D:8: 1279 daAuts
     D:2: 1140 daAuts
     D:5: 979 daAuts
     D:6: 872 daAuts
     D:7: 766 daAuts
     D:1: 696 daAuts
     D:4: 637 daAuts
     D:3: 606 daAuts
    D:10: 111 daAuts
 Abyss:1: 81 daAuts
  Temple: 14 daAuts
